 Dungeon Crawl Stone Soup version 0.28.0-53-g5a82cb258f (webtiles) character file.

Game seed: 13105410065516616954

526174 magipi the Fetichist (level 24, -13/196 HPs)
             Began as a Vampire Berserker on July 31, 2022.
             Was a High Priest of Trog.
             Killed from afar by a purple draconian shifter (42 damage)
             ... with a bolt of dispelling energy
             ... on level 1 of the Realm of Zot on Aug 11, 2022.
             The game lasted 04:11:21 (76512 turns).

magipi the Fetichist (Vampire Berserker)           Turns: 76512, Time: 04:11:21

Health: -13/196    AC: 38    Str: 24    XL:     24   Next: 27%
Magic:  23/23      EV: 13    Int: 17    God:    Trog [*****.]
Gold:   2462       SH: 30    Dex: 15    Spells: 23/23 levels left

rFire   + + .      SeeInvis +   a - +8 demon blade (vorpal)
rCold   + . .      Faith    .   N - +6 tower shield {rF+}
rNeg    + . .      Spirit   .   A - +5 gold dragon scales of Follow the Leader {rElec rPois rF+ rC+ rCorr Int+3}
rPois   +          Reflect  +   e - +3 crown of Dyrovepreva {rElec Int+2 SInv}
rElec   +          Harm     .   K - +2 cloak {Will+}
rCorr   +          Rampage  .   t - +2 pair of gloves {Dex+3}
Will    +++..                   J - +2 pair of boots {Fly}
Stlth   ..........              r - amulet of reflection
HPRegen 0.62/turn               n - ring of positive energy
MPRegen 0.18/turn               v - +4 ring of evasion

@: on berserk cooldown, flying, healing quickly
A: alive, fangs 3, see invisible, vampiric 2, clumsy 1, screaming 1, subdued
magic 1
}: 3/15 runes: serpentine, barnacled, silver
a: Exsanguinate, Renounce Religion, Berserk, Trog's Hand, Brothers in Arms


You were on level 1 of the Realm of Zot.
You worshipped Trog.
Trog was extremely pleased with you.
You visited 10 branches of the dungeon, and saw 45 of its levels.
You also visited: Trove and Gauntlet.

You collected 6619 gold pieces.
You spent 4157 gold pieces at shops.

Inventory:

Hand Weapons
 a - a +8 vorpal demon blade (weapon)
   (Trog gifted it to you on level 2 of the Shoals)
 b - a +8 antimagic demon blade
   (Trog gifted it to you on level 6 of the Lair of Beasts)
Missiles
 o - 16 javelins
 w - 5 silver boomerangs (quivered)
 x - 31 boomerangs
 z - 20 curare-tipped darts
 F - 11 throwing nets
 P - 9 silver javelins
Armour
 e - the +3 crown of Dyrovepreva (worn) {rElec Int+2 SInv}
   (You found it on level 3 of the Elven Halls)

   Int:       It affects your intelligence (+2).
   rElec:     It insulates you from electricity.
   SInv:      It lets you see invisible.
 t - a +2 pair of gloves of dexterity (worn)
   (You bought it in a shop on level 2 of the Orcish Mines)
 A - the +5 gold dragon scales of Follow the Leader (worn) {rElec rPois rF+ rC+ rCorr Int+3}
   (You found it in a treasure trove)

   Int:       It affects your intelligence (+3).
   rF:        It protects you from fire.
   rC:        It protects you from cold.
   rElec:     It insulates you from electricity.
   rPois:     It protects you from poison.
   rCorr:     It protects you from acid and corrosion.
 J - a +2 pair of boots of flying (worn)
   (You bought it in a shop on level 13 of the Dungeon)
 K - a +2 cloak of willpower (worn)
   (You found it on level 5 of the Vaults)
 N - a +6 tower shield of fire resistance (worn)
   (You took it off a vault guard on level 4 of the Vaults)
Jewellery
 c - the ring "Qet Fucy" {rPois rC+ Will+ Str+2}
   (You found it on level 4 of the Shoals)

   [ring of protection from cold]

   Str:       It affects your strength (+2).
   rC:        It protects you from cold.
   rPois:     It protects you from poison.
   Will:      It increases your willpower.
 h - the ring of Can Taid {+Blink rElec rC+}
   (You found it on level 1 of the Realm of Zot)

   [ring of protection from cold]

   rC:        It protects you from cold.
   rElec:     It insulates you from electricity.
   +Blink:    It lets you blink.
 n - a ring of positive energy (left hand)
   (You found it on level 5 of the Dungeon)
 r - an amulet of reflection (around neck)
   (You bought it in a shop on level 2 of the Snake Pit)
 v - a +4 ring of evasion (right hand)
   (You took it off a vault guard on level 5 of the Vaults)
Wands
 d - a wand of digging (7)
   (You found it on level 1 of the Snake Pit)
 k - a wand of polymorph (34)
   (You found it on level 7 of the Dungeon)
 l - a wand of mindburst (21)
   (You found it on level 3 of the Dungeon)
 m - a wand of acid (18)
   (You bought it in a shop on level 1 of the Orcish Mines)
 y - a wand of iceblast (15)
   (You found it on level 7 of the Dungeon)
 O - a wand of paralysis (18)
   (You found it on level 4 of the Lair of Beasts)
 V - a wand of charming (8)
   (You found it in a Gauntlet)
Scrolls
 f - a scroll of enchant weapon
 g - 12 scrolls of vulnerability
 C - 13 scrolls of teleportation
 D - 20 scrolls of fog
 H - 5 scrolls of immolation
 L - a scroll of silence
 M - 6 scrolls of summoning
 Q - 7 scrolls of fear
 R - 4 scrolls of blinking
 W - a scroll of magic mapping
Potions
 i - 3 potions of heal wounds
 p - 7 potions of curing
 s - 5 potions of mutation
 u - 6 potions of cancellation
 E - 6 potions of invisibility
 G - 10 potions of might
 I - 2 potions of resistance
 T - 4 potions of magic
 X - 4 potions of haste
 Y - 6 potions of lignification
 Z - 12 potions of ambrosia
Miscellaneous
 j - a box of beasts
   (You found it on level 3 of the Elven Halls)
 q - a phial of floods
   (You found it on level 12 of the Dungeon)
 B - a tin of tremorstones (1/2)
   (You found it on level 1 of the Snake Pit)
 S - a condenser vane
   (You found it in a Gauntlet)


   Skills:
 + Level 17.6 Fighting
 - Level 16.0 Long Blades
 - Level 16.0 Throwing
 + Level 14.6 Armour
 + Level 16.9 Dodging
 + Level 15.2 Shields
 + Level 18.5 Evocations


You had 23 spell levels left.
You didn't know any spells.
Your spell library was empty.

Dungeon Overview and Level Annotations

Branches:
Dungeon (15/15)            Temple (1/1) D:4            Lair (6/6) D:11
 Shoals (4/4) Lair:3        Snake (4/4) Lair:4        Slime (0/5) Lair:5
    Orc (2/2) D:12            Elf (3/3) Orc:2        Vaults (5/5) D:13
  Crypt (0/3) Vaults:3     Depths (4/4) D:15            Zot (1/5) Depths:4
Gauntlet (visited)

Altars:
Ashenzari
Cheibriados
Dithmenos
Elyvilon
Fedhas
Gozag
Hepliaklqana
Kikubaaqudgha
Makhleb
Nemelex Xobeh
Okawaru
Qazlal
Ru
Sif Muna
Trog
Uskayaw
Vehumet
Wu Jian
Xom
Yredelemnul
Zin
The Shining One
Beogh
Ignis

Shops:
D:11 [**!?   D:13 ?(=([   Orc:1 *   Orc:2 *=[!   Elf:2 (   Elf:3 *   Shoals:2 :
Shoals:4 [   Snake:2 ?=?   Snake:4 *   Vaults:2 ?   Depths:4 (=

Portals:
Hell: Depths:1 Depths:2 Depths:3 Depths:4
Abyss: Depths:2 Depths:3 Depths:4
Pandemonium: Depths:2
Ziggurat: Depths:1

Annotations:
D:9 1 runed translucent door, Garym's ghost, novice MiBe
D:13 exclusion: statue
Lair:1 2 transporters, Iqoqi's ghost, journeyman DECj
Orc:1 1 runed translucent door, Rachuaq's ghost, adept GnSk
Elf:2 3 runed translucent doors
Depths:2 4 runed translucent doors, Anairuhe's ghost, adept MiBe
Depths:4 3 runed translucent doors, Kumoik's ghost, legendary MiBe; Mapiadog's ghost, adept DgCj


Innate Abilities, Weirdness & Mutations

Your natural rate of healing is accelerated.
You have razor-sharp teeth.
You have supernaturally acute eyesight. (SInv)
You are afflicted with vampirism and can become a bat while bloodless.
You are clumsy. (Dex -2)
You occasionally shout uncontrollably at your foes.
Your spells are a little easier to cast, but a little less powerful.


Message History

You are exhausted.
You feel yourself slow down.
You feel sick.
The purple draconian shifter mumbles some strange words.
The purple draconian shifter blinks!
The purple draconian shifter is engulfed in poison gas.
The purple draconian shifter is poisoned.
The purple draconian shifter points at you and mumbles some strange words.
You blink.
Unknown command.
Unknown command.
Aiming: Corrosive Bolt
Press: ? - help, Shift-Dir - straight line, f - purple draconian shifter, p - purple draconian shifter
Aim: a purple draconian shifter, wielding a +2 long sword of protection and wearing a +0 cloak (lightly wounded, catching its breath, 61% to hit)
The bolt of acid misses the purple draconian shifter.
You feel sick.
You are no longer poisoned.
The purple draconian shifter points at you and mumbles some strange words.
The purple draconian shifter blinks!
Unknown command.
Unknown command.
You hit the purple draconian shifter but do no damage.
Your bite misses the purple draconian shifter.
The purple draconian shifter is severely wounded.
The purple draconian shifter hits you but does no damage.
The purple draconian shifter breathes dispelling energy at you.
The bolt of dispelling energy hits you!!
Your magical effects are unravelling.
* * * LOW HITPOINT WARNING * * *
Unknown command.
Aiming: Iceblast
Press: ? - help, Shift-Dir - straight line, p - purple draconian shifter That beam is likely to hit you.
Continue anyway?
Okay, then.
Unknown command.
Aiming: Iceblast
Press: ? - help, Shift-Dir - straight line The mass of ice explodes!
The iceblast engulfs the purple draconian shifter!!
The purple draconian shifter is almost dead.
You feel yourself speed up.
You block the purple draconian shifter's attack. x2
Unknown command.
Unknown command.
Aiming: Iceblast
Press: ? - help, Shift-Dir - straight line The mass of ice explodes!
The iceblast engulfs the purple draconian shifter!!
You kill the purple draconian shifter!
Trog accepts your kill.
Trog appreciates your killing of a magic user.
You hear a roar!
You block the purple draconian shifter's attack.
Unknown command.
Unknown command.
Unknown command.
Unknown command.
Unknown command.
As you read the scroll of silence, it crumbles to dust.
A profound silence engulfs you.
The purple draconian shifter breathes dispelling energy at you.
The bolt of dispelling energy hits you but does no damage.
Your magical effects are unravelling.
You hit the purple draconian shifter but do no damage.
The purple draconian shifter is lightly wounded.
Your hearing returns.
The purple draconian shifter hits you with a +2 long sword of protection!
* * * LOW HITPOINT WARNING * * *
Unknown command.
Unknown command.
You slash the purple draconian shifter!
You bite the purple draconian shifter, but do no damage.
The purple draconian shifter is moderately wounded.
You block the purple draconian shifter's attack.
You barely miss the purple draconian shifter.
Your bite misses the purple draconian shifter.
The purple draconian shifter is moderately wounded.
You slash the purple draconian shifter!
The purple draconian shifter is moderately wounded.
The purple draconian shifter points at you and mumbles some strange words.
You blink.
Unknown command.
Unknown command.
Unknown command.
Aiming: Corrosive Bolt
Press: ? - help, Shift-Dir - straight line, f - purple draconian shifter
Aim: a purple draconian shifter, wielding a +2 long sword of protection and wearing a +0 cloak (moderately wounded, 61% to hit)
The bolt of acid misses the purple draconian shifter.
The purple draconian shifter hits you but does no damage.
Unknown command.
Unknown command.
Aiming: Corrosive Bolt
Press: ? - help, Shift-Dir - straight line, f/p - purple draconian shifter
Aim: a purple draconian shifter, wielding a +2 long sword of protection and wearing a +0 cloak (moderately wounded, 61% to hit)
The bolt of acid hits the purple draconian shifter!!
The acid corrodes the purple draconian shifter!
The purple draconian shifter is heavily wounded.
The purple draconian shifter breathes dispelling energy at you.
The bolt of dispelling energy hits you!!!
You die...

##...#..###.........###.q...##
.....###.# ###.....### #.##....#
..... #.# #..())# #.# .q.. !...
#.# #...).# #.# ... ...# #.##
#...)[# ##.# .. ### ##.# #.....#
#..# . #..# ##⌠....## #..# ###
.## #..###.......###..# ##.. ..##
##........@..).....## #...
...####......#...q§##.....####...
....##....#############.>..##....
#.........# ##........#
.........## #......... .........#
#......... .........##
##......... ....#.....##
##....##....
..####.....###########.....####..


You could see a purple draconian shifter (catching breath, corroded).

Vanquished Creatures
  3 dread liches
  An ancient lich (Vaults:5)
  An orb of fire (Zot:1)
  A juggernaut (Depths:2)
  Margery (Vaults:2)
  5 caustic shrikes (Depths:4)
  9 golden dragons
  the Enchantress (Depths:3)
  2 bone dragons (Depths:4)
  2 electric golems
  4 tentacled monstrosities
  4 quicksilver dragons
  5 liches
  An ancient champion (Vaults:3)
  A deep elf blademaster (Elf:3)
  2 deep elf master archers (Elf:3)
  4 titans
  2 sphinxes
  A death cob (Zot:1)
  7 tengu reavers
  8 shadow dragons
  Donald (Vaults:3)
  3 storm dragons
  A draconian monk (Zot:1)
  12 nagarajas (Snake:4)
  Ilsuiw (Shoals:2)
  14 fire giants
  2 orc warlords
  2 draconian knights
  11 vault wardens
  4 iron dragons
  3 deep elf sorcerers (Elf:3)
  13 frost giants
  Louise (Shoals:2)
  Aizul (Snake:4)
  3 draconian scorchers
  A ghoul (Vaults:3)
  A draconian shifter (Zot:1)
  2 deep elf elementalists (Elf:3)
  A draconian annihilator (Depths:4)
  A draconian stormcaller (Zot:1)
  20 ironbound preservers
  A war gargoyle (Vaults:4)
  7 ironbound thunderhulks
  4 spriggan defenders (Depths:3)
  18 very ugly things
  14 stone giants
  A vampire knight (Depths:3)
  3 black draconians
  4 deep elf demonologists
  4 yellow draconians
  4 green draconians
  4 deep elf annihilators
  5 spark wasps
  A minotaur (Gauntlet)
  2 entropy weavers
  7 dire elephants
  14 merfolk impalers
  12 ettins
  5 deep elf death magi
  A purple draconian (Depths:4)
  3 jiangshi (Depths:4)
  4 merfolk javelineers
  11 fire dragons
  16 yaktaur captains
  12 hydras
  Harold (D:8)
  2 deep elf high priests
  5 great orbs of eyes
  A salamander tyrant (Snake:1)
  19 naga warriors
  32 vault guards
  2 rakshasas (Depths:1)
  3 peacekeepers
  7 ice dragons
  A boulder beetle (shapeshifter) (Depths:4)
  Erica (D:9)
  A death knight (D:13)
  5 ironbound frosthearts
  A boulder beetle (D:12)
  2 spriggan air magi
  13 anacondas
  18 centaur warriors
  2 merfolk avatars
  5 merfolk aquamancers
  7 two-headed ogres
  3 alligator snapping turtles
  17 dancing weapons
  3 satyrs
  5 deep troll shamans
  13 death yaks
  4 tengu warriors
  4 deep troll earth magi
  4 orc high priests (Orc:2)
  6 spriggan berserkers
  A vampire mage (Depths:4)
  8 shock serpents
  17 naga sharpshooters
  10 hell knights
  Nergalle (Lair:2)
  9 deep elf knights
  4 salamander mystics
  A death drake (Gauntlet)
  5 iron trolls
  A skeletal warrior (D:13)
  A sixfirhy (Gauntlet)
  65 deep trolls
  2 flayed ghosts
  18 sea snakes
  5 lindwurms (Vaults:3)
  A spectral wolf spider (Gauntlet)
  12 ironbound convokers
  An orange crystal statue (D:13)
  7 naga ritualists
  5 deep elf archers (Elf:2)
  6 harpies
  5 wizards
  A swamp dragon (shapeshifter) (D:13)
  A kraken simulacrum (Shoals:4)
  5 phantasmal warriors
  3 mana vipers (shapeshifter)
  3 large abominations (Gauntlet)
  7 necromancers
  10 orc knights
  13 deep elf zephyrmancers
  9 mana vipers
  5 orc sorcerers
  6 cyclopes
  45 ugly things
  27 deep elf pyromancers
  19 manticores
  4 moths of wrath (Zot:1)
  16 fauns
  Maurice (D:11)
  A cyclops (shapeshifter) (Depths:4)
  9 guardian serpents
  23 vault sentinels
  31 elephants
  6 water nymphs
  22 salamanders
  42 black mambas
  15 merfolk sirens
  Joseph (D:7)
  17 naga magi
  An ice statue (D:13)
  9 cane toads
  A torpor snail (Lair:6)
  3 gargoyles
  A rime drake (Lair:6)
  12 komodo dragons
  2 kobold demonologists (D:12)
  2 freezing wraiths (D:12)
  33 yaktaurs
  A yaktaur (shapeshifter) (Elf:2)
  9 tengu conjurers
  4 trolls
  4 polar bears
  20 merfolk
  A queen bee (D:14)
  8 wind drakes
  3 meliai (D:14)
  5 hornets
  18 blink frogs
  15 slime creatures
  A dream sheep (shapeshifter) (Vaults:5)
  14 dream sheep
  9 snapping turtles
  A shadow (D:11)
  2 air elementals
  A vampire (D:12)
  24 water elementals
  6 spriggans
  3 wyverns
  Eustachio (D:4)
  5 fire elementals
  4 wraiths
  4 fire bats (Depths:3)
  4 basilisks
  3 small abominations (Gauntlet)
  48 yaks
  5 redbacks
  10 vampire mosquitoes
  45 nagas
  2 steam dragons
  9 wargs
  15 water moccasins
  3 acid dragons
  A floating eye (Depths:2)
  A swamp drake (D:12)
  2 ice beasts
  45 orc warriors
  2 black bears
  A hornet zombie (D:6)
  A meliai simulacrum (D:14)
  10 boggarts
  17 ogres
  A necrophage (D:4)
  19 wolves
  An ogre (shapeshifter) (Vaults:5)
  A tengu (shapeshifter) (D:14)
  7 centaurs
  4 kobold brigands
  26 bullfrogs
  2 gnoll sergeants
  2 scorpions
  4 earth elementals
  20 killer bees (D:14)
  5 wights (D:10)
  8 electric eels
  6 howler monkeys
  A bullfrog zombie (D:5)
  4 centaur zombies
  Crazy Yiuf (D:4)
  A jelly (D:5)
  A hound (D:7)
  43 orc priests
  3 bullfrog skeletons
  A gnoll shaman (D:7)
  4 iguanas
  Terence (D:3)
  30 orc wizards
  15 gnolls
  2 howler monkey skeletons
  4 adders
  A white imp (D:7)
  3 ufetubi
  4 worms
  A dart slug (D:4)
  133 orcs
  4 ball pythons
  10 endoplasms
  An endoplasm (shapeshifter) (Vaults:5)
  2 giant cockroaches
  5 hobgoblins
  4 jackals (D:2)
  22 kobolds
  5 quokkas
  2 bats
  2 frilled lizards (D:1)
  6 goblins
  8 rats
1915 creatures vanquished.

Vanquished Creatures (collateral kills)
  Sojobo (Depths:2)
  A deep elf blademaster (Elf:3)
  A titan (Vaults:5)
  A draconian monk (Zot:1)
  A fire giant (Vaults:5)
  2 deep elf sorcerers (Elf:3)
  An ironbound preserver (Vaults:5)
  3 dire elephants
  A black draconian (Zot:1)
  A deep elf annihilator (Elf:3)
  An ettin (Orc:1)
  A deep elf death mage (Elf:3)
  A deep elf high priest (Elf:3)
  A naga warrior (Snake:2)
  A tengu warrior (D:15)
  2 death yaks (Lair:6)
  A deep elf knight (Snake:2)
  A sea snake (Lair:6)
  A deep troll (Vaults:5)
  A deep elf archer (Snake:2)
  An orc knight (Orc:1)
  6 ugly things (D:15)
  A salamander (Snake:2)
  A merfolk siren (Shoals:2)
  A black mamba (Snake:4)
  A merfolk (Shoals:2)
  A raiju (Snake:2)
  2 nagas (Snake:2)
  An ogre (Orc:1)
  An orc wizard (Orc:1)
  An orc (Orc:1)
41 creatures vanquished.

Vanquished Creatures (others)
  2 death cobs (Zot:1)
  A fire giant (Vaults:5)
  A merfolk aquamancer (Shoals:4)
  3 deep elf pyromancers
  A deep elf zephyrmancer (Elf:3)
  A hornet (Lair:6)
  A floating eye (shapeshifter) (Depths:4)
  A boggart (D:14)
  56 fungi
  109 plants
  3 tentacles (Shoals:4)
  17 withered plants (Gauntlet)
196 creatures vanquished.

Grand Total: 2152 creatures vanquished

Notes
Turn   | Place    | Note
-------+----------+-------------------------------------------
     0 | D:1      | magipi the Vampire Berserker began the quest for the Orb.
     0 | D:1      | Reached XP level 1. HP: 17/17 MP: 1/1
   187 | D:1      | Found a faded altar of an unknown god.
   322 | D:1      | Reached XP level 2. HP: 23/23 MP: 2/2
   810 | D:2      | Gained mutation: You are afflicted with vampirism and can
                  | become a bat while bloodless. [Vampire growth]
   810 | D:2      | Reached XP level 3. HP: 28/28 MP: 3/3
  1033 | D:2      | Reached ** piety under Trog
  1838 | D:3      | Noticed Terence
  1844 | D:3      | Killed Terence
  1845 | D:3      | Reached XP level 4. HP: 35/35 MP: 4/4
  2238 | D:4      | Reached XP level 5. HP: 41/41 MP: 5/5
  2246 | D:4      | Reached skill level 1 in Evocations
  2296 | D:4      | Found a staircase to the Ecumenical Temple.
  2300 | D:4      | Noticed a black bear
  2309 | D:4      | Killed a black bear
  2310 | D:4      | Reached XP level 6. HP: 47/47 MP: 6/6
  2495 | D:4      | Noticed Eustachio
  2545 | D:4      | Killed Eustachio
  2546 | D:4      | Reached skill level 5 in Long Blades
  2604 | D:4      | Reached skill level 2 in Evocations
  3081 | D:4      | Reached XP level 7. HP: 49/53 MP: 7/7
  3235 | Temple   | Entered the Ecumenical Temple
  3318 | D:4      | Found a runed translucent door.
  3319 | D:4      | Noticed Crazy Yiuf
  3330 | D:4      | Killed Crazy Yiuf
  3378 | D:5      | Entered Level 5 of the Dungeon
  4111 | D:5      | Reached XP level 8. HP: 61/61 MP: 8/8
  4140 | D:5      | Reached skill level 3 in Evocations
  4514 | D:6      | Reached skill level 5 in Dodging
  5453 | D:7      | Found a bloodstained altar of Trog.
  5503 | D:7      | Reached skill level 5 in Fighting
  5584 | D:7      | Identified the +9 dagger of Mits {spect, Fly rF- rN++
                  | Int-2}
  5645 | D:7      | Noticed Joseph
  5663 | D:7      | Killed Joseph
  5664 | D:7      | Reached skill level 1 in Throwing
  5664 | D:7      | Reached skill level 4 in Evocations
  5664 | D:7      | Reached XP level 9. HP: 68/68 MP: 9/9
  6538 | D:8      | Reached *** piety under Trog
  6772 | D:8      | Noticed Harold
  6792 | D:8      | Killed Harold
  6795 | D:8      | Reached skill level 5 in Armour
  6813 | D:8      | Reached XP level 10. HP: 64/76 MP: 10/10
  7218 | D:9      | Noticed Erica
  7277 | D:9      | Killed Erica
  7278 | D:9      | Reached skill level 5 in Evocations
  7382 | D:9      | Noticed a two-headed ogre
  7394 | D:9      | Killed a two-headed ogre
  7459 | D:9      | Found a runed translucent door.
  7460 | D:9      | Noticed Garym's ghost (novice MiBe)
  7534 | D:9      | Noticed a two-headed ogre
  7535 | D:9      | Found an opulent altar of Gozag.
  7565 | D:9      | Killed a two-headed ogre
  7759 | D:9      | Found a shimmering altar of Xom.
  7800 | D:9      | Noticed a seven-headed hydra
  7820 | D:9      | Killed a three-headed hydra
  7821 | D:9      | Reached skill level 10 in Long Blades
  8036 | D:10     | Entered Level 10 of the Dungeon
  8060 | D:10     | Reached XP level 11. HP: 83/83 MP: 11/11
  8408 | D:10     | Found a broken altar of Ashenzari.
  8543 | D:10     | Found a hide-covered altar of Uskayaw.
  8543 | D:10     | Found a blossoming altar of Fedhas.
  8555 | D:10     | Reached skill level 6 in Evocations
  8555 | D:10     | Found a hazy altar of Hepliaklqana.
  8555 | D:10     | Found a radiant altar of Vehumet.
  8555 | D:10     | Found an ornate altar of the Wu Jian Council.
  8555 | D:10     | Found an ancient bone altar of Kikubaaqudgha.
  8556 | D:10     | Found a basalt altar of Yredelemnul.
  8956 | D:11     | Found Ubuityix's General Store.
  9108 | D:11     | Noticed Maurice
  9134 | D:11     | Killed Maurice
  9195 | D:11     | Found Vojidem's Magic Scroll Shoppe.
  9212 | D:11     | Bought a scroll of magic mapping for 38 gold pieces
  9212 | D:11     | Bought a scroll of identify for 22 gold pieces
  9212 | D:11     | Bought 2 scrolls of identify for 44 gold pieces
  9212 | D:11     | Bought a scroll of identify for 22 gold pieces
  9212 | D:11     | Bought a scroll of identify for 22 gold pieces
  9212 | D:11     | Bought a scroll of identify for 22 gold pieces
  9405 | D:11     | Reached skill level 1 in Shields
  9492 | D:11     | Found Cuwnodoh's Assorted Antiques.
  9510 | D:11     | Found Zusiplih's Distillery.
  9519 | D:11     | Bought a potion of invisibility for 112 gold pieces
  9559 | D:11     | Bought a scroll of summoning for 114 gold pieces
  9577 | D:11     | Identified the +3 scale mail "Rishuaf" {rCorr}
  9635 | D:11     | Found a bloodstained altar of Trog.
  9717 | D:11     | Found Fuiph's Armour Shoppe.
  9802 | D:11     | Found a staircase to the Lair.
 10010 | D:12     | Noticed a boulder beetle
 10034 | D:12     | Reached **** piety under Trog
 10036 | D:12     | Killed a boulder beetle
 10427 | D:12     | Noticed an eight-headed hydra
 10447 | D:12     | Killed a five-headed hydra
 10533 | D:12     | You fall into a shaft and drop 3 floors!
 10533 | D:15     | Entered Level 15 of the Dungeon
 10538 | D:15     | Noticed a green ugly thing
 10553 | D:15     | Killed a green ugly thing
 10554 | D:15     | Reached XP level 12. HP: 91/91 MP: 12/12
 10596 | D:15     | Noticed a tengu warrior
 10608 | D:15     | Noticed an ettin
 10608 | D:15     | Noticed a four-headed hydra
 10673 | D:14     | Noticed a centaur warrior
 10675 | D:14     | Noticed a six-headed hydra
 10676 | D:14     | Reached skill level 5 in Throwing
 10847 | D:13     | Found Diapp's Weapon Boutique.
 10923 | D:13     | Found Ehedajem's Jewellery Shop.
 11045 | D:13     | Noticed a four-headed hydra
 11045 | D:13     | Noticed a centaur warrior
 11055 | D:13     | Killed a one-headed hydra
 11062 | D:13     | Killed a centaur warrior
 11063 | D:13     | Reached skill level 7 in Evocations
 11198 | D:13     | Found a radiant altar of Vehumet.
 11517 | D:12     | Found a staircase to the Orcish Mines.
 12152 | D:13     | Noticed a death knight
 12259 | Lair:1   | Entered Level 1 of the Lair of Beasts
 12461 | Lair:1   | Found a transporter.
 12473 | Lair:1   | Noticed Iqoqi's ghost (journeyman DECj)
 12486 | Lair:1   | Found a transporter.
 12486 | Lair:1   | Noticed a seven-headed hydra
 12525 | Lair:1   | Identified the +4 war axe "Grim Tooth" {pain, rPois Will+}
 12537 | Lair:1   | Noticed a four-headed hydra
 12611 | Lair:1   | Found a shadowy altar of Dithmenos.
 12814 | Lair:1   | Identified the +0 ring mail of Ginem {rElec rC+ rCorr}
 13434 | Lair:2   | Reached XP level 13. HP: 99/99 MP: 13/13
 13560 | Lair:2   | Reached ***** piety under Trog
 13786 | Lair:2   | Noticed Nergalle
 13803 | Lair:2   | Killed Nergalle
 14592 | Lair:3   | Found a staircase to the Shoals.
 14753 | Lair:3   | Reached skill level 10 in Dodging
 14764 | Lair:3   | Reached skill level 8 in Evocations
 15418 | Lair:4   | Found a staircase to the Snake Pit.
 15659 | Lair:4   | Reached skill level 5 in Shields
 16605 | Lair:5   | Found a staircase to the Slime Pits.
 16650 | Lair:5   | Found a gate leading to a gauntlet.
 16667 | Gauntlet | Entered a Gauntlet
 16667 | Gauntlet | Found a transporter.
 16667 | Gauntlet | Found a transporter.
 16671 | Gauntlet | Found a transporter.
 16672 | Gauntlet | Found a transporter.
 16736 | Gauntlet | Found a transporter.
 16746 | Gauntlet | Found a transporter.
 16746 | Gauntlet | Found a transporter.
 16768 | Gauntlet | Found a transporter.
 16775 | Gauntlet | Found a transporter.
 16799 | Gauntlet | Found a transporter.
 16825 | Gauntlet | Found a transporter.
 16865 | Gauntlet | Found a transporter.
 16881 | Gauntlet | Found a transporter.
 16971 | Gauntlet | Found a transporter.
 16981 | Gauntlet | Found a transporter.
 16999 | Gauntlet | Found a transporter.
 17200 | Gauntlet | Reached XP level 14. HP: 88/105 MP: 14/14
 17361 | Gauntlet | Identified the +0 helmet of Cyajipt {Will- Str+4 Dex+6
                  | Stlth+}
 18244 | Lair:6   | Entered Level 6 of the Lair of Beasts
 18357 | Lair:6   | Received a gift from Trog
 18662 | Lair:6   | Reached skill level 9 in Evocations
 19365 | Lair:6   | Found the +7 captain's cutlass {speed, disarm}
 19391 | Lair:6   | Identified the +1 leather armour of Instinct {rF+ Will-
                  | Int+4}
 19420 | Lair:6   | Reached XP level 15. HP: 31/115 MP: 15/15
 19994 | Orc:1    | Entered Level 1 of the Orcish Mines
 20058 | Orc:2    | Entered Level 2 of the Orcish Mines
 20291 | Orc:1    | Received a gift from Trog
 20739 | Orc:1    | Reached ****** piety under Trog
 20829 | Orc:1    | Found a runed translucent door.
 20829 | Orc:1    | Noticed Rachuaq's ghost (adept GnSk)
 20836 | Orc:1    | Found Nafeuh's Overcharged Wands.
 20850 | Orc:1    | Found a burning altar of Makhleb.
 20937 | Orc:1    | Reached skill level 10 in Fighting
 21426 | Orc:2    | Reached skill level 15 in Long Blades
 21880 | Orc:2    | Received a gift from Trog
 21984 | Orc:2    | Found Sariv's Armour Boutique.
 22002 | Orc:2    | Found Hosudd's Distillery.
 22041 | Orc:2    | Bought a potion of curing for 36 gold pieces
 22041 | Orc:2    | Bought a potion of curing for 36 gold pieces
 22041 | Orc:2    | Bought a potion of heal wounds for 60 gold pieces
 22041 | Orc:2    | Bought a potion of haste for 120 gold pieces
 22041 | Orc:2    | Bought a potion of lignification for 36 gold pieces
 22041 | Orc:2    | Bought a potion of attraction for 36 gold pieces
 22239 | Orc:2    | Found a staircase to the Elven Halls.
 22696 | Orc:2    | Noticed an orc warlord
 22724 | Orc:2    | Killed an orc warlord
 23041 | Orc:2    | Found Tepnahod's Jewellery Boutique.
 23500 | Orc:2    | Found Uwnappergh's Assorted Antiques.
 23509 | Orc:2    | Bought a pair of embroidered gloves for 165 gold pieces
 23841 | D:13     | Found a gate to the Vaults.
 24241 | D:13     | Found Apoas's Antique Weapon Shoppe.
 24433 | D:13     | Found Ciseekk's Antique Armour Boutique.
 24440 | D:13     | Bought a pair of embroidered boots for 285 gold pieces
 24550 | D:13     | Found Kiesewin's Magic Scroll Emporium.
 24553 | D:13     | Bought a scroll of teleportation for 57 gold pieces
 24553 | D:13     | Bought a scroll of teleportation for 57 gold pieces
 24553 | D:13     | Bought a scroll of teleportation for 57 gold pieces
 24575 | D:13     | Received a gift from Trog
 24893 | D:13     | Found Apoas's Antique Weapon Shoppe.
 24918 | D:13     | Found a gate to the Vaults.
 24992 | D:13     | Found Ciseekk's Antique Armour Boutique.
 25114 | D:13     | Found Diapp's Weapon Boutique.
 25155 | D:13     | Found Ehedajem's Jewellery Shop.
 25220 | D:13     | Found Kiesewin's Magic Scroll Emporium.
 25269 | D:13     | Found a radiant altar of Vehumet.
 25978 | D:14     | Reached skill level 10 in Evocations
 27051 | D:15     | Found a staircase to the Depths.
 27077 | D:15     | Reached XP level 16. HP: 124/124 MP: 16/16
 27243 | D:15     | Received a gift from Trog
 27998 | Snake:1  | Entered Level 1 of the Snake Pit
 28441 | Snake:1  | Reached skill level 10 in Armour
 30139 | Snake:2  | Received a gift from Trog
 30139 | Snake:2  | Found the +11 plutonium sword {Contam Stlth-}
 30773 | Snake:2  | Found Wuethrite's Magic Scroll Emporium.
 30775 | Snake:2  | Found Rixig's Jewellery Shoppe.
 30778 | Snake:2  | Found Vufrao Duyt's Magic Scroll Emporium.
 30818 | Snake:2  | Bought a scroll of blinking for 127 gold pieces
 30818 | Snake:2  | Bought a scroll of blinking for 127 gold pieces
 30823 | Snake:2  | Bought a scroll of teleportation for 42 gold pieces
 30975 | Snake:2  | Reached skill level 11 in Evocations
 31430 | Snake:2  | Reached XP level 17. HP: 130/131 MP: 17/17
 33650 | Snake:3  | Received a gift from Trog
 34000 | Snake:2  | Bought an amulet of reflection for 480 gold pieces
 34185 | Snake:3  | Reached skill level 10 in Throwing
 35564 | Shoals:1 | Entered Level 1 of the Shoals
 35749 | Shoals:1 | Reached skill level 10 in Shields
 35812 | Shoals:1 | Identified the +1 leather armour "Vaploxol" {Rampage rPois}
 35874 | Shoals:1 | You are sucked into a shaft and drop 1 floor!
 35925 | Shoals:2 | Found Tycoig's Book Shop.
 36411 | Shoals:2 | Noticed Louise
 36424 | Shoals:2 | Killed Louise
 36655 | Shoals:2 | Noticed Ilsuiw
 36659 | Shoals:2 | Reached skill level 12 in Evocations
 36661 | Shoals:2 | Received a gift from Trog
 36664 | Shoals:2 | Killed Ilsuiw
 36883 | D:11     | Bought a scroll of enchant weapon for 82 gold pieces
 36883 | D:11     | Bought a scroll of fog for 22 gold pieces
 37070 | Snake:2  | Bought a scroll of enchant weapon for 127 gold pieces
 37230 | Shoals:2 | Reached XP level 18. HP: 140/140 MP: 18/18
 38292 | Shoals:3 | Received a gift from Trog
 38979 | Shoals:4 | Entered Level 4 of the Shoals
 40052 | Shoals:4 | Got a barnacled rune of Zot
 40402 | Shoals:4 | Identified the ring "Qet Fucy" {rPois rC+ Will+ Str+2}
 40465 | Shoals:4 | Found Tifuwein's Armour Shoppe.
 40620 | Shoals:4 | Received a gift from Trog
 41039 | Snake:4  | Entered Level 4 of the Snake Pit
 41070 | Snake:4  | Noticed Aizul
 41086 | Snake:4  | Killed Aizul
 41744 | Snake:4  | Found Dilas's Neck Hole.
 42747 | Snake:4  | Received a gift from Trog
 42836 | Snake:4  | Reached skill level 13 in Evocations
 42847 | Snake:4  | Reached XP level 19. HP: 105/146 MP: 19/19
 43064 | Snake:4  | Got a serpentine rune of Zot
 43540 | Elf:1    | Entered Level 1 of the Elven Halls
 43835 | Elf:1    | Paralysed by an air elemental for 1 turns
 43844 | Elf:1    | Paralysed by an air elemental for 1 turns
 43848 | Elf:1    | Paralysed by an air elemental for 1 turns
 44233 | D:11     | Bought a potion of heal wounds for 70 gold pieces
 44233 | D:11     | Bought a potion of heal wounds for 70 gold pieces
 44527 | Elf:1    | Received a gift from Trog
 45220 | Elf:2    | Found a portal to a secret trove of treasure.
 45947 | Elf:2    | Found Jikhuf's Weapon Shop.
 45996 | Elf:2    | Paralysed by an air elemental for 1 turns
 46002 | Elf:2    | Identified a scroll of acquirement
 46067 | Elf:2    | You paid a toll of a +6 demon trident to enter a treasure
                  | trove
 46068 | Trove    | Entered a treasure trove
 46071 | Trove    | Found the +3 pair of seven-league boots {Rampage+∞}
 46076 | Trove    | Identified the +3 pair of gloves of Resilience {+Inv Str+8
                  | Int-4 SInv}
 46077 | Trove    | Identified the +1 pair of gloves of Apnuacip {rPois rF-
                  | Regen+ Dex+7}
 46078 | Trove    | Identified the +1 buckler "Jonijiho" {*Corrode rPois rN++
                  | SInv}
 46083 | Trove    | Identified the +2 hat of Pathos {-Tele rPois Slay+2}
 46085 | Trove    | Identified the +0 pair of gloves of the Sea {rN+ Int+5}
 46093 | Trove    | Identified the +5 gold dragon scales of Follow the Leader
                  | {rElec rPois rF+ rC+ rCorr Int+3}
 46095 | Trove    | Identified the +1 kite shield of Greed {rC+ Will+ Int+4}
 47062 | Elf:2    | Found a runed translucent gate.
 47062 | Elf:2    | Found a runed translucent gate.
 47063 | Elf:2    | Found a runed translucent gate.
 47244 | Elf:3    | Entered Level 3 of the Elven Halls
 47280 | Elf:2    | Acquired 1107 gold pieces
 47387 | Orc:1    | Bought a wand of acid (25) for 986 gold pieces
 47537 | Elf:3    | Received a gift from Trog
 47674 | Elf:3    | Found Dikkubif's CLEARANCE SALE!.
 48607 | Elf:3    | Identified the +1 robe of the Loofah {Will+}
 48608 | Elf:3    | Identified the +2 battleaxe "Ridgh" {flame, Str-2 Dex+3
                  | SInv}
 48611 | Elf:3    | Found the +3 crown of Dyrovepreva {rElec Int+2 SInv}
 48638 | Elf:3    | Identified the +3 glaive "Iboz" {vorpal, *Rage Drain rElec
                  | MP+9}
 48737 | Elf:3    | Identified the ring of Keehehie {Wiz rC- rCorr Dex+4
                  | Slay+3}
 48757 | Elf:3    | Reached skill level 14 in Evocations
 49246 | Elf:3    | Found Dikkubif's CLEARANCE SALE!.
 49940 | Vaults:1 | Entered Level 1 of the Vaults
 50077 | Vaults:1 | You are sucked into a shaft and drop 1 floor!
 50617 | Vaults:1 | Reached XP level 20. HP: 117/153 MP: 20/20
 50626 | Vaults:1 | Received a gift from Trog
 51851 | Vaults:1 | Identified the +3 battleaxe of Idutrien {freeze, Fly}
 52352 | Vaults:2 | Found Ziequkeohe's Magic Scroll Shop.
 53090 | Vaults:2 | Reached skill level 15 in Throwing
 53577 | Vaults:3 | Received a gift from Trog
 53605 | Vaults:3 | Noticed Margery
 53632 | Vaults:2 | Killed Margery
 53804 | Vaults:3 | Found Reis's Jewellery Shop.
 53843 | Vaults:3 | Noticed Donald
 53868 | Vaults:3 | Killed Donald
 54169 | Vaults:3 | Found a staircase to the Crypt.
 55370 | Vaults:3 | Reached skill level 15 in Dodging
 55383 | Vaults:3 | Reached XP level 21. HP: 161/161 MP: 21/21
 55813 | Vaults:3 | Received a gift from Trog
 56443 | Vaults:4 | Identified the +6 great sword "Embalmer" {vamp, rF+ rN+
                  | Int+4 Dex+4}
 56642 | Vaults:4 | Identified the +6 short sword "Ciuddad" {vorpal, +Blink}
 57537 | Depths:1 | Entered Level 1 of the Depths
 57540 | Depths:1 | Found a one-way gateway to a ziggurat.
 57815 | Depths:1 | Reached skill level 15 in Evocations
 57820 | Depths:1 | Received a gift from Trog
 57913 | Depths:1 | Identified the +5 scythe "Ogrebane" {flame, rF- Str+4
                  | Dex+4}
 58197 | Depths:1 | Found a burning altar of Makhleb.
 58282 | Depths:1 | Found a gateway to Hell.
 59312 | Depths:2 | Noticed a juggernaut
 59337 | Depths:2 | Killed a juggernaut
 59974 | Depths:2 | Found a runed translucent door.
 59975 | Depths:2 | Found a runed translucent door.
 59978 | Depths:2 | Found a runed translucent door.
 59990 | Depths:2 | Noticed a golden dragon
 60013 | Depths:2 | Killed a golden dragon
 60183 | Depths:2 | Identified the +6 swamp dragon scales of Silly Music {rElec
                  | rPois rN+ Int+3}
 60187 | Depths:2 | Identified the +1 ring mail of the World {Will+}
 60189 | Depths:2 | Identified the ring of Xom's Anger {rElec rPois rN+++ MP+9
                  | Dex-5}
 60205 | Depths:2 | Identified the ring "Ugol Teborch" {rPois rCorr MP+9 Int-2
                  | Dex+2}
 60543 | Depths:2 | Found a runed translucent door.
 60732 | Depths:2 | Found a one-way gate leading to the halls of Pandemonium.
 60850 | Depths:2 | Found a runed translucent door.
 60850 | Depths:2 | Found a shimmering altar of Xom.
 60850 | Depths:2 | Noticed Anairuhe's ghost (adept MiBe)
 60850 | Depths:2 | Identified the +2 lajatang of the Vine {chaos, rF+}
 60892 | Depths:2 | Found a one-way gate to the infinite horrors of the Abyss.
 61148 | Depths:2 | Reached XP level 22. HP: 77/171 MP: 22/22
 61622 | Depths:3 | Received a gift from Trog
 61793 | Depths:3 | Noticed Sojobo
 61920 | Depths:3 | Paralysed by an air elemental for 1 turns
 62063 | Depths:3 | Paralysed by an air elemental for 1 turns
 62095 | Depths:2 | Killed Sojobo
 62979 | Depths:3 | Noticed a golden dragon
 62989 | Depths:3 | Killed a golden dragon
 63243 | Depths:3 | You are sucked into a shaft and drop 1 floor!
 63243 | Depths:4 | Entered Level 4 of the Depths
 63243 | Depths:4 | Found a runed translucent gate.
 63243 | Depths:4 | Found a runed translucent gate.
 63244 | Depths:4 | Found a runed translucent gate.
 63244 | Depths:4 | Noticed Kumoik's ghost (legendary MiBe)
 63244 | Depths:4 | Noticed Mapiadog's ghost (adept DgCj)
 63368 | Depths:4 | Found Poetitiw's Jewellery Emporium.
 63705 | Depths:3 | Reached skill level 15 in Shields
 63939 | Depths:4 | Reached skill level 16 in Evocations
 63952 | Depths:4 | Found Olyokhosm's Weapon Shop.
 64704 | Depths:4 | Reached skill level 15 in Fighting
 64814 | Depths:4 | Identified the +10 mace of Symmetry {spect, rC- Str+7 SInv}
 64904 | Depths:4 | Noticed a golden dragon
 65024 | Depths:3 | Killed a golden dragon
 65176 | Depths:4 | Received a gift from Trog
 65286 | Depths:4 | Noticed a caustic shrike
 65287 | Depths:4 | Noticed a caustic shrike
 65308 | Depths:4 | Killed a caustic shrike
 65312 | Depths:4 | Noticed a caustic shrike
 65314 | Depths:4 | Noticed a caustic shrike
 65381 | Depths:4 | Noticed a caustic shrike
 65393 | Depths:4 | Killed a caustic shrike
 65394 | Depths:4 | Killed a caustic shrike
 65398 | Depths:4 | Killed a caustic shrike
 65399 | Depths:4 | Killed a caustic shrike
 65694 | Depths:3 | Noticed the Enchantress
 65704 | Depths:3 | Noticed a golden dragon
 65723 | Depths:3 | Killed a golden dragon
 65966 | Depths:3 | Killed the Enchantress
 66386 | Depths:3 | Noticed a golden dragon
 66405 | Depths:3 | Killed a golden dragon
 66761 | Depths:4 | Reached XP level 23. HP: 130/184 MP: 23/23
 67010 | Depths:4 | Found a gate to the Realm of Zot.
 67325 | Vaults:5 | Entered Level 5 of the Vaults
 67680 | Vaults:4 | Received a gift from Trog
 68720 | Vaults:5 | Noticed a dread lich
 68830 | Vaults:5 | Noticed a dread lich
 68859 | Vaults:5 | Killed a dread lich
 68860 | Vaults:5 | Reached skill level 17 in Evocations
 68958 | Vaults:5 | Noticed an ancient lich
 69422 | Vaults:4 | Killed a dread lich
 69601 | Vaults:5 | Identified the +8 arbalest of Qyon {freeze, rF- Str+2
                  | Dex+6}
 69854 | Vaults:5 | Received a gift from Trog
 69859 | Vaults:5 | Got a silver rune of Zot
 70058 | Vaults:5 | Identified the +3 shortbow "Earthworm" {flame, Will- Int+2
                  | Dex+4}
 70205 | Vaults:5 | Killed an ancient lich
 70206 | Vaults:5 | Reached skill level 18 in Evocations
 70389 | Vaults:5 | Noticed a dread lich
 70405 | Vaults:5 | Killed a dread lich
 71349 | Vaults:4 | Received a gift from Trog
 72134 | Vaults:5 | Identified the +4 quarterstaff "Ucyaj" {vorpal, Int+2}
 72134 | Vaults:5 | Identified the +0 leather armour "Niselav" {rCorr}
 72245 | Vaults:5 | Found the +3 giant club "Skullcrusher" {speed, Str+7}
 72753 | Vaults:5 | Reached XP level 24. HP: 178/183 MP: 23/23
 75141 | Snake:2  | Bought 3 scrolls of enchant armour for 382 gold pieces
 75141 | Snake:2  | Bought a scroll of summoning for 161 gold pieces
 75305 | D:11     | Bought a potion of haste for 140 gold pieces
 75532 | Zot:1    | Entered Level 1 of the Realm of Zot
 75831 | Zot:1    | Noticed an orb of fire
 75831 | Zot:1    | Gained mutation: Your spells are a little easier to cast,
                  | but a little less powerful. [an orb of fire]
 75831 | Zot:1    | Gained mutation: You occasionally shout uncontrollably at
                  | your foes. [an orb of fire]
 75835 | Zot:1    | Gained mutation: You are clumsy. (Dex -2) [an orb of fire]
 75848 | Zot:1    | Killed an orb of fire
 76253 | Zot:1    | Identified the ring of Can Taid {+Blink rElec rC+}
 76512 | Zot:1    | Killed from afar by a purple draconian shifter

Illustrated notes

Levels and vault maps discovered:
D:1:      minmay_arrival_hallway, layout_basic,
          chequers_ecumenical_altar_simple_redux
D:2:      layout_rooms, kennysheep_generic_room_15
D:3:      layout_loops_corners, uniq_terence
D:4:      layout_basic, temple_pool_b, uniq_crazy_yiuf_cottage, uniq_eustachio
D:5:      layout_cave_pools, grunt_decor_cap, minmay_misc_feat_room
D:6:      layout_basic
D:7:      layout_cave_pods, mainiacjoe_overflow_six_doors_small, uniq_joseph
D:8:      nicolae_cairo_tiling_large, layout_basic,
          chequers_serial_rivers_large_b, kennysheep_nub, uniq_harold
D:9:      layout_basic, mainiacjoe_overflow_alcove_1,
          ebering_ghost_reflecting_pool, st_stairs_13, kennysheep_small_circle,
          uniq_erica
D:10:     layout_basic, grunt_temple_overflow_open, ashenzari_altar_1
D:11:     layout_rooms, grunt_lair_entry_orc_guard_hut, serial_shops, shop,
          nicolae_shop_advertising_works [nicolae_subvault_shop_adworks],
          nicolae_shop_trees, nicolae_take_the_stairs, nicolae_shop_crystal,
          tgw_trog, uniq_maurice
D:12:     layout_loops_ring, erik_orc_1, nzn_life_drinkers
D:13:     minmay_separated_statues, layout_irregular_city, erik_vaults_1,
          serial_bayou, serial_bayou_pond_b, serial_bayou_pond_d,
          serial_bayou_pond_b, serial_bayou_shore_b, serial_bayou_pond_c,
          serial_shops, shop_fountains, nicolae_lakefront_shop, kennysheep_mini,
          nicolae_shop_temple_entry_statues_fountains,
          nicolae_shop_behind_doors, vehumet_statue
D:14:     layout_long_grid, special_room [special_room_bee], tso_metal_star
D:15:     hangedman_depths_entry_civil_slaughter, layout_basic,
          minmay_misc_feat_roman, elyvilon_altar_5
Temple:   pdpol_scorched_temple
Lair:1:   layout_gridlike, basic_altar, gammafunk_ghost_berserking_beasts,
          grunt_megastairs_3
Lair:2:   layout_loops_ring, cheibrodos_lair_reptile_den, grunt_megastairs_1,
          infiniplex_staircase_pool, uniq_nergalle
Lair:3:   layout_misc_corridors, elwin_shoals_entry_rooms
Lair:4:   layout_regular_city, dummy_snake_entry
Lair:5:   layout_roguey, slime_dummy, gauntlet_entry_generic
Lair:6:   gammafunk_lair_ancient_temple, layout_gridlike, lemuel_fruit_fields
Shoals:1: layout_shoals
Shoals:2: layout_shoals, serial_shops, nicolae_shop_behind_doors,
          nicolae_shoals_mertower, uniq_louise, uniq_ilsuiw
Shoals:3: layout_shoals, nicolae_shoals_hunting_party
Shoals:4: shoals_end_grunt_ice, layout_shoals, serial_shops,
          nicolae_diamond_shop, abandoned_shop
Snake:1:  layout_misc_corridors, nicolae_snake_salamander_fort,
          grunt_megastairs_5, serial_bayou_shore_a, lemuel_fruit_tree
Snake:2:  nicolae_sea_snake_s, layout_onion, drop_trap, abandoned_shop,
          beargit_elvish_explorers, minmay_shop_star, grunt_megastairs_2
Snake:3:  kennysheep_snake, layout_honeycomb, st_stairs_4
Snake:4:  grunt_snake_rune_spirals, layout_onion_interference,
          nicolae_shop_sticking_my_neck_out, uniq_aizul
Orc:1:    layout_diamond_mine, basic_altar, ebering_ghost_inner_flame,
          nicolae_shop_overcharged_wands
Orc:2:    pubby_orc_utopia
Elf:1:    minmay_elf_arrival_plus, layout_geoelf_diagonals,
          minmay_elf_demonology
Elf:2:    elven_hall_of_blades_hangedman_original [nicolae_blade_bullseye],
          layout_onion_city, serial_shops, shop_fountains, enter_trove_1
Elf:3:    elf_hall_gauntlet_narrow, layout_loops_corners, nicolae_shop_clearance
Vaults:1: grunt_vaults_focal, ontoclasm_vaults_ring_small,
          nicolae_vaults_network_quincunx
          [nicolae_vaults_network_quincunx_subvault,
          nicolae_vaults_network_quincunx_subvault,
          nicolae_vaults_network_quincunx_subvault,
          nicolae_vaults_network_quincunx_subvault,
          nicolae_vaults_network_quincunx_subvault], v_misc_11,
          vaults_dpeg_hooks, vaults_room_guarded_vault, vaults_room_fours,
          hangedman_vaults_maws, v_misc_13, nicolae_vaults_little_squares_4,
          nicolae_vaults_shelves_hall, layout_vaults_chaotic_city
Vaults:2: ontoclasm_vaults_ring_square, hangedman_vaults_corner,
          dpeg_vaults_monster_row, v_misc_18, grunt_vaults_swirl,
          hangedman_vaults_locks, v_alt_pattern_1, nicolae_vaults_shelves_hall,
          vaults_mumra_hexcomb, layout_vaults_ring, serial_shops, shop_statue
Vaults:3: minmay_crypt_entry_simple_sparse, vaults_mumra_lcd,
          nicolae_vaults_three_branches, nicolae_vaults_triangles,
          ontoclasm_vaults_hangar, nicolae_vaults_little_squares_5,
          nicolae_vaults_shelves_hall, layout_vaults_quadrants, serial_shops,
          shop, uniq_margery, uniq_donald
Vaults:4: v_misc_33, hangedman_vaults_slither, nicolae_vaults_little_squares_6,
          v_pattern_3, v_rooms_4, v_misc_2, vaults_room_large_hall,
          ontoclasm_vaults_loading_screen, st_lattice, hangedman_vaults_unwind,
          vaults_room_ringed_pool, vaults_room_pool,
          nicolae_vaults_little_squares_6, layout_vaults_omnibox
Vaults:5: serial_shops
Depths:1: layout_gridville, enter_ziggurat_f, hell_entry, serial_bayou_pond_e,
          minmay_misc_feat_four_crosses, makhleb_altar_promises_db
Depths:2: minmay_the_grid_triangle_9x9_line_8_mashed
          [minmay_the_grid_triangle_9x9_skeleton,
          minmay_the_grid_triangle_9x9_longest,
          minmay_the_grid_triangle_9x9_sprig,
          minmay_the_grid_triangle_9x9_swiss_cheese,
          minmay_the_grid_triangle_9x9_corruption,
          minmay_the_grid_triangle_9x9_pentomino_pain,
          minmay_the_grid_triangle_9x9_fully_insulated_deathbox,
          minmay_the_grid_triangle_9x9_prize_center], layout_cave_pools,
          minmay_misc_feat_ornament, abyss_entry_small_statue_room, pan_entry,
          hell_entry, ebering_ghost_xom, lightli_giant_bouncers
Depths:3: minmay_textured_paths, layout_basic, minivault_14,
          abyss_entry_crystal, hell_entry, corexii_leaking_fountain,
          infiniplex_staircase_squiggle, serial_bayou_shore_b, uniq_sojobo,
          uniq_enchantress
Depths:4: grunt_zot_entry_pinwheel, layout_gridlike, gammafunk_ghost_cemetery,
          abyss_entry, pf_coc_iceberg, serial_shops, nicolae_square_shop,
          nicolae_shop_waterfront
Zot:1:    layout_cathedral_of_symmetry

Skill      XL: |  1  2  3  4  5  6  7  8  9 10 11 12 13 14 15 16 17 18 19 20 21 22 23 |
---------------+----------------------------------------------------------------------+-----
Fighting       | 3 4 5 6 7 8 9 10 11 12 13 16 17 | 17.6
Armour         | 2 3 4 5 6 7 8 9 10 11 12 13 14 | 14.6
Long Blades    | 4 5 6 7 8 10 11 12 13 14 15 16 | 16.0
Dodging        | 3 4 5 6 7 8 9 10 11 12 13 14 15 16 | 16.9
Evocations     | 1 2 4 5 6 7 8 9 10 11 12 13 14 15 16 18 | 18.5
Throwing       | 1 2 3 4 5 6 7 8 9 10 12 14 15 16 | 16.0
Shields        | 2 3 5 6 7 9 10 11 12 13 14 15 | 15.2

Action                   |  1- 3 |  4- 6 |  7- 9 | 10-12 | 13-15 | 16-18 | 19-21 | 22-24 || total
-------------------------+-------+-------+-------+-------+-------+-------+-------+-------++-------
Melee: Falchion          |   115 |   120 |   215 |       |       |       |       |       ||   450
       Bite              |    13 |    12 |    45 |    82 |   239 |   287 |   419 |   397 ||  1494
       Dagger            |       |       |    27 |       |       |       |       |       ||    27
       Scimitar          |       |       |   138 |   671 |  1741 |   621 |       |       ||  3171
       Punch             |       |       |     4 |     3 |       |       |       |       ||     7
       Demon blade       |       |       |       |       |       |  1284 |  2244 |  1879 ||  5407
Throw: Javelin           |       |       |       |     7 |    18 |       |    11 |       ||    36
       Boomerang         |       |       |       |       |     9 |   277 |   118 |   179 ||   583
Invok: Berserk           |     4 |     4 |    17 |    27 |    17 |    12 |     7 |     8 ||    96
       Trog's Hand       |       |       |       |     7 |     7 |     6 |     5 |     6 ||    31
       Brothers in Arms  |       |       |       |       |     2 |     6 |     4 |     5 ||    17
Evoke: Wand              |       |     2 |       |     5 |    10 |    53 |    12 |    47 ||   129
       Condenser vane    |       |       |       |       |     2 |     3 |     2 |     2 ||     9
       Tin of tremorston |       |       |       |       |       |     5 |     7 |     8 ||    20
       Box of beasts     |       |       |       |       |       |       |       |     1 ||     1
  Use: Scroll            |       |       |    11 |    13 |     9 |     8 |     5 |    16 ||    62
       Potion            |       |       |       |     7 |     6 |     4 |     1 |     1 ||    19
 Stab: Distracted        |       |       |       |       |     1 |     6 |     1 |       ||     8
       Paralysed         |       |       |       |       |       |     6 |       |     3 ||     9
Armor: Ring mail         |    52 |       |       |       |       |       |       |       ||    52
       Scale mail        |       |    45 |    26 |   180 |   553 |       |       |       ||   804
       Chain mail        |       |       |     3 |       |       |       |       |       ||     3
       Plate armour      |       |       |   151 |   197 |   146 |   636 |    84 |       ||  1214
       Gold dragon scale |       |       |       |       |       |       |   733 |   767 ||  1500
Dodge: Dodged            |   103 |    75 |   134 |   356 |   748 |   457 |   438 |   471 ||  2782
Block: Buckler           |       |       |       |    92 |   365 |   236 |       |       ||   693
       Tower shield      |       |       |       |       |       |   915 |   159 |   210 ||  1284
       Reflection        |       |       |       |       |       |   124 |   111 |    35 ||   270
       Kite shield       |       |       |       |       |       |       |  1447 |  1269 ||  2716
